 Dungeon Crawl Stone Soup version 0.18-a0-1562-gac8da35 (webtiles) character file.

4594 M4edhros the Slinger (level 10, -2/58 HPs)
             Began as an Octopode Artificer on Mar 14, 2016.
             Was a Priest of Fedhas.
             Killed from afar by an electric eel (17 damage)
             ... with a bolt of electricity
             ... on level 8 of the Dungeon.
             The game lasted 00:13:15 (6919 turns).

M4edhros the Slinger (Octopode Artificer)           Turns: 6919, Time: 00:13:16

Health: -2/58      AC:  1    Str: 10    XL:     10   Next: 41%
Magic:  16/16      EV: 16    Int: 16    God:    Fedhas [***...]
Gold:   358        SH: 10    Dex: 20    Spells: 0 memorised, 9 levels left

rFire  . . .     SeeInvis .     C - +1 dagger (venom)
rCold  . . .     Gourm    .     s - +0 shield
rNeg   . . .     Faith    .     (helmet restricted)
rPois  .         Spirit   .     (no amulet)
rElec  .         Dismiss  .     v - +5 ring of dexterity
rCorr  .         Reflect  .     (no ring)
SustAt .         Harm     .     (no ring)
MR     .....                    (no ring)
Stlth  ++++......               (no ring)
                                (no ring)
                                (no ring)
                                (no ring)

@: not resistant to hostile enchantments, stealthy
A: almost no armour, amphibious, 8 rings, constrict 8, camouflage 1, gelatinous
body 1
a: Evolution, Sunlight, Growth, Renounce Religion


You were on level 8 of the Dungeon.
You worshipped Fedhas.
Fedhas was most pleased with you.
You were not hungry.

You visited 1 branch of the dungeon, and saw 8 of its levels.

You collected 358 gold pieces.

Inventory:

Hand Weapons
 e - a +0 hunting sling
 u - the +3 spear "Kiutiof" {pain, Str+2 Dex+4 SInv}
   (You found it on level 6 of the Dungeon)

   In the hands of one skilled in necromantic magic, it inflicts extra damage on
   living creatures.
   It affects your strength (+2).
   It affects your dexterity (+4).
   It lets you see invisible.
 C - a +1 dagger of venom (weapon)
Missiles
 g - 50 stones (quivered)
 t - 3 javelins
 z - 31 sling bullets
Armour
 s - a +0 shield (worn)
Jewellery
 v - a +5 ring of dexterity (left tentacle)
Wands
 b - a wand of flame (9/48)
 c - a wand of enslavement (6/24)
 d - a wand of random effects (12/48)
 y - a wand of confusion (13/48)
 I - a wand of flame (18/48)
 J - a wand of iceblast (1/15)
 O - a wand of paralysis (6/24)
 Q - a wand of disintegration (3/24)
Scrolls
 a - a scroll of identify
 j - a scroll of fear {unknown}
 l - a scroll of blinking
 m - 4 scrolls of fog
 n - 2 scrolls of recharging {unknown}
 o - 3 scrolls of immolation {unknown}
 q - a scroll of remove curse
 r - 3 scrolls of teleportation
 D - a scroll of enchant armour
 E - a scroll of amnesia
 L - a scroll of vulnerability {unknown}
 P - a scroll of random uselessness {unknown}
Potions
 h - 2 potions of degeneration
 p - 2 potions of haste
 w - a potion of agility {unknown}
 A - 2 potions of curing {unknown}
 B - a potion of resistance {unknown}
 G - a potion of invisibility {unknown}
 H - a potion of lignification {unknown}
 K - a potion of might {unknown}
Comestibles
 f - 10 bread rations
 x - 5 fruits
 M - 2 beef jerkies
 N - 7 slices of pizza


   Skills:
 - Level 1.0 Fighting
 - Level 1.0 Short Blades
 * Level 8.9 Slings
 + Level 6.5 Dodging
 - Level 3.4 Stealth
 + Level 5.8 Shields
 * Level 8.5 Invocations
 - Level 3.7 Evocations


You had 9 spell levels left.
You didn't know any spells.

Dungeon Overview and Level Annotations

Branches:
Dungeon (8/15)             Temple (0/1) D:5
   Lair: D:8-11

Altars:
Ashenzari
Fedhas
Gozag
Pakellas
Ru
Zin
The Shining One

Shops:
D:4 }   D:5 ?   D:7 :


Innate Abilities, Weirdness & Mutations

You cannot wear most types of armour.
You are amphibious.
You can wear up to eight rings at the same time.
You can use your tentacles to constrict eight enemies at once.
Your skin changes colour to match your surroundings (Stealth).
Your rubbery body absorbs attacks (AC +1).


Message History

The electric eel is no longer charmed.
The electric eel shoots out a bolt of lightning at you!
The bolt of electricity misses your electric eel.
The bolt of electricity hits you!
* * * LOW HITPOINT WARNING * * *
The bolt of electricity hits your wandering mushroom.
Your wandering mushroom is destroyed!
You feel a little guilty.
Unknown command.
Drink which item? (? for menu, Esc to quit)
Okay, then.
Drink which item? (? for menu, Esc to quit)
Okay, then.
A nearby toadstool withers and dies.
The electric eel shoots out a bolt of lightning at you!
The bolt of electricity hits your electric eel.
Your electric eel completely resists.
The bolt of electricity hits you!
You die...
Fedhas appreciates your contribution to the ecosystem.

..........## .. #..
...........## ##.
...>........## ##
.............### #
...............# #
.............#....
............####..#
............# .#
........@.## .#
........### # ##
.≈≈≈≈≈;÷P ...#
.≈≈≈≈≈≈z.. ....
.≈≈≈≈;÷÷≈≈. ....
≈.≈≈≈≈≈≈≈≈.≈ ....
≈≈≈≈†≈)≈≈≈≈≈≈ ....
≈≈.†..)≈≈≈≈≈≈≈ ....
####


You could see an electric eel, a wight and a friendly electric eel.

Vanquished Creatures
  Pikel (D:7)
  Maurice (D:8)
  Grinder (D:5)
  A wyvern (D:8)
  A steam dragon (D:8)
  Edmund (D:6)
  An ice beast (D:7)
  A black bear (D:8)
  2 slaves (D:7)
  2 ogres
  An eye of draining (D:7)
  3 centaurs
  2 wolves (D:8)
  A gnoll sergeant (D:6)
  Blork the orc (D:5)
  3 giant frogs
  5 scorpions
  2 killer bees (D:7)
  A howler monkey (D:5)
  3 crimson imps
  3 hounds
  A jelly (D:6)
  2 orc priests
  2 giant frog skeletons
  An orc wizard (D:3)
  An iguana (D:6)
  5 worker ants
  A sheep (D:7)
  A hound skeleton (D:7)
  4 gnolls (D:6)
  13 adders
  A shadow imp (D:8)
  An ooze (D:2)
  An adder skeleton (D:6)
  A worm (D:2)
  A dart slug (D:2)
  7 giant geckos
  12 orcs
  6 bats
  5 giant cockroaches
  9 goblins
  8 hobgoblins
  6 jackals
  A quokka (D:2)
  2 ball pythons (D:3)
  A ball python skeleton (D:5)
  2 giant newts
  3 kobolds
  6 rats
141 creatures vanquished.

Vanquished Creatures (collateral kills)
  The ghost of M4edhros the Covert, a novice OpAr of Fedhas (D:7)
  A troll (D:8)
  The ghost of M4edhros the Sneak, an amateur OpAr (D:4)
  A yak (D:7)
  A human (D:7)
  Eustachio (D:4)
  Grum (D:8)
  2 slaves (D:7)
  An ice beast (D:6)
  A necrophage (D:6)
  2 wolves (D:8)
  A killer bee (D:7)
  4 wights (D:8)
  3 hounds (D:8)
  Crazy Yiuf (D:5)
  An orc wizard (D:3)
  2 sheep (D:7)
  A hound skeleton (D:7)
  An adder (D:7)
  7 orcs
  2 jackals (D:8)
  A toadstool (D:8)
37 creatures vanquished.

Vanquished Creatures (others)
  An electric eel (D:8)
  6 wandering mushrooms
  4 worker ant zombies
  103 toadstools
114 creatures vanquished.

Grand Total: 292 creatures vanquished

Notes
Turn   | Place    | Note
--------------------------------------------------------------
     0 | D:1      | M4edhros the Octopode Artificer began the quest for the Orb.
     0 | D:1      | Reached XP level 1. HP: 13/13 MP: 3/3
   107 | D:1      | Reached skill level 1 in Slings
   107 | D:1      | Reached XP level 2. HP: 18/18 MP: 4/4
   662 | D:2      | Found a faded altar to an unknown god.
   681 | D:2      | Reached XP level 3. HP: 21/23 MP: 5/5
  1177 | D:2      | Found a blossoming altar of Fedhas.
  1190 | D:2      | Became a worshipper of Fedhas Madash
  1419 | D:2      | Reached XP level 4. HP: 12/28 MP: 6/6
  2094 | D:3      | Noticed a giant frog
  2098 | D:3      | Killed a giant frog
  2098 | D:3      | Reached skill level 1 in Shields
  2098 | D:3      | Reached XP level 5. HP: 15/33 MP: 7/7
  2100 | D:3      | Reached * piety under Fedhas
  2222 | D:4      | Noticed M4edhros's ghost (amateur OpAr)
  2507 | D:3      | Reached XP level 6. HP: 24/38 MP: 8/8
  2564 | D:3      | Found a sacrificial altar of Ru.
  3129 | D:4      | Reached skill level 1 in Invocations
  3159 | D:4      | Reached XP level 7. HP: 39/43 MP: 9/9
  3260 | D:4      | Noticed Eustachio
  3276 | D:4      | Killed Eustachio
  3278 | D:4      | Killed M4edhros's ghost
  3300 | D:4      | Reached skill level 5 in Slings
  3335 | D:4      | Found an opulent altar of Gozag.
  3420 | D:4      | Found Gaepacs's Gadget Emporium.
  3513 | D:5      | Entered Level 5 of the Dungeon
  3530 | D:5      | Noticed Crazy Yiuf
  3538 | D:5      | Killed Crazy Yiuf
  3600 | D:5      | Reached ** piety under Fedhas
  3607 | D:5      | Noticed Grinder
  3640 | D:5      | Killed Grinder
  3652 | D:5      | Found a staircase to the Ecumenical Temple.
  3695 | D:5      | Noticed Blork the orc
  3711 | D:5      | Killed Blork the orc
  3711 | D:5      | Reached XP level 8. HP: 34/48 MP: 10/10
  3740 | D:5      | HP: 1/48 [centaur (7)]
  3876 | D:5      | Found a glowing silver altar of Zin.
  3965 | D:5      | Found Fumman's Magic Scroll Shop.
  4094 | D:6      | Noticed Edmund
  4102 | D:6      | Killed Edmund
  4105 | D:6      | Got a transparent spear
  4106 | D:6      | Identified the cursed +3 spear "Kiutiof" {pain, Str+2 Dex+4 SInv} (You found it on level 6 of the Dungeon)
  4536 | D:6      | Reached skill level 5 in Invocations
  4552 | D:6      | Found an oddly glowing altar of Pakellas.
  4845 | D:6      | Reached skill level 5 in Dodging
  4876 | D:6      | Reached XP level 9. HP: 27/53 MP: 13/13
  5200 | D:7      | Noticed M4edhros's ghost (novice OpAr)
  5204 | D:7      | Killed M4edhros's ghost
  5311 | D:7      | Noticed Pikel
  5343 | D:7      | Killed Pikel
  5474 | D:7      | Reached *** piety under Fedhas
  5507 | D:7      | Found Zuxzuntaoh's Book Shop.
  5572 | D:7      | Reached skill level 5 in Shields
  5706 | D:7      | Found a shattered altar of Ashenzari.
  6426 | D:7      | Found a glowing golden altar of the Shining One.
  6555 | D:8      | Reached XP level 10. HP: 26/58 MP: 15/15
  6745 | D:8      | Noticed Maurice
  6765 | D:8      | Killed Maurice
  6840 | D:8      | Noticed Grum
  6855 | D:8      | Killed Grum
  6919 | D:8      | Killed from afar by an electric eel

Vault maps used:
D:1:      matt_arrival_debris
D:2:      lemuel_coloured_pillars_altar, ecumenical_altar_1
D:3:      nicolae_ru_sacrificial_ziggurat
D:4:      serial_shops, nicolae_shop_waterfront, first_bread,
          minmay_misc_feat_iff, kennysheep_flooded_box, uniq_eustachio
D:5:      nicolae_overflow_crystal_walls, minmay_temple_entry_from_below_a,
          serial_shops, shop, uniq_blork_the_orc, uniq_grinder,
          uniq_crazy_yiuf_cottage
D:6:      kennysheep_mini_moat, uniq_edmund
D:7:      kennysheep_little_box, serial_shops, shop_fountains, grunt_livestock,
          cheibrodos_ashenzari_chains, uniq_pikel
D:8:      lemuel_round_altar, erik_lair_island, basic_altar, uniq_grum,
          uniq_maurice

Skill      XL: |  1  2  3  4  5  6  7  8  9 10 |
---------------+-------------------------------+-----
Stealth        | 2 3 |  3.4
Slings         | 1 2 3 4 5 6 8 |  8.9
Shields        | 1 2 3 4 5 |  5.8
Dodging        | 3 4 5 6 |  6.5
Invocations    | 2 3 5 7 8 |  8.5
Fighting       | |  1.0
Short Blades   | |  1.0
Evocations     | |  3.7

Action                   |  1- 3 |  4- 6 |  7- 9 | 10-12 || total
-------------------------+-------+-------+-------+-------++-------
Melee: Short sword       |    50 |    58 |       |       ||   108
       Dagger            |       |    15 |    91 |    26 ||   132
       Spear             |       |       |   113 |       ||   113
 Fire: Hunting sling     |    24 |       |     5 |       ||    29
Invok: Evolution         |       |     1 |     5 |       ||     6
Evoke: Wand              |       |       |    13 |    10 ||    23
  Use: Scroll            |       |       |     7 |       ||     7
       Potion            |       |       |     4 |       ||     4
 Stab: Sleeping          |     9 |    14 |    18 |     1 ||    42
       Confused          |       |       |     4 |     1 ||     5
       Distracted        |       |       |     1 |     1 ||     2
  Eat: Chunk             |     1 |       |       |       ||     1
       Bread ration      |       |     1 |     1 |       ||     2
       Meat ration       |       |       |     2 |       ||     2
